Map: Pillars of Gold LE

Players

RagnaroK (SHIN)

  • Race: Zerg Zerg
  • Spawn Location: 1:00

Rogue - Winner!

  • Race: Zerg Zerg
  • Spawn Location: 7:00

Event: IEM Katowice 2021

VOD

Have the link to the VOD?

Description

Time

  • Played on: Feb. 25, 2021, 12:06 p.m.
  • Length: 5:43

All games in this series

Show
View Real Time Build Order
Export as new Build Order

RagnaroK Zerg 

Build Orders: Hatch First, Roach Nydus 

Get SALT Encoding   

  12  0:00  Drone  
  13  0:08  Drone  
  14  0:17  Overlord  
  14  0:23  Extractor, Drone  
  15  0:36  Drone x2  
  17  0:53  Hatchery  
  17  0:56  Drone  
  17  0:59  Drone  
  18  1:06  Drone  
  19  1:18  Drone  
  20  1:20  Spawning Pool  
  19  1:26  Drone  
  20  1:33  Extractor  
  20  1:39  Drone  
  20  1:48  Drone  
  21  1:59  Drone  
  22  2:05  Drone  
  22  2:07  Queen x2  
  27  2:10  Zergling x2  
  27  2:15  Overlord  
  28  2:34  Drone x3  
  31  2:37  Drone  
  31  2:43  Queen  
  34  2:45  Overlord  
  34  2:47  Drone  
  35  2:51  Lair  
  35  2:52  Drone  
  35  2:58  Evolution Chamber  
  35  3:01  Drone  
  35  3:05  Drone  
  37  3:08  Roach Warren  
  37  3:09  Drone  
  37  3:15  Extractor x2  
  37  3:16  Drone x5  
  37  3:17  Drone  
  41  3:22  Evolution Chamber  
  40  3:30  Overlord  
  40  3:33  Drone  
  41  3:34  Drone  
  41  3:40  Overlord  
  42  3:44  Overlord  
  42  3:50  Nydus Network  
  41  3:58  Roach  
  41  3:59  Roach  
  41  4:02  Roach  
  47  4:04  Roach  
  47  4:08  Roach  
  51  4:11  Queen  
  53  4:21  Roach x3  
  59  4:27  Roach x2, Nydus Canal  
  59  4:30  Roach  
  65  4:32  Roach  
  65  4:36  Overlord  
  67  4:48  Overlord  
  67  4:55  Nydus Canal  
  67  4:56  Evolution Chamber, Roach x2  
  67  4:57  Roach  
  67  4:59  Roach  
  74  5:03  Roach  
  74  5:06  Overlord  
  75  5:16  Roach x2  
  75  5:18  Roach  
  75  5:21  Roach  
  69  5:22  Roach  
Show
View Real Time Build Order
Export as new Build Order

Rogue Zerg - Winner!

Build Orders: Hatch First 

Get SALT Encoding   

  12  0:00  Drone  
  13  0:12  Overlord  
  13  0:17  Drone  
  14  0:31  Drone x2  
  16  0:49  Hatchery  
  15  0:52  Drone  
  15  0:56  Drone  
  17  1:00  Drone  
  18  1:10  Extractor  
  17  1:16  Spawning Pool  
  16  1:18  Drone  
  16  1:22  Drone  
  18  1:29  Drone  
  19  1:39  Drone  
  20  1:50  Drone  
  21  2:02  Queen  
  21  2:03  Overlord, Drone, Queen  
  26  2:12  Drone x2  
  26  2:14  Metabolic Boost  
  28  2:23  Drone x2  
  30  2:35  Hatchery  
  29  2:37  Zergling x2  
  29  2:40  Zergling x2  
  31  2:46  Queen  
  31  2:49  Drone  
  34  2:53  Overlord  
  34  2:57  Drone  
  36  2:58  Drone  
  36  3:12  Drone x4  
  40  3:17  Drone x4  
  44  3:20  Evolution Chamber  
  44  3:24  Overlord  
  44  3:26  Zergling x2  
  44  3:31  Overlord  
  44  3:44  Zergling x12  
  44  3:48  Zerg Ground Armor Level 1  
  50  3:50  Zergling x2  
  50  3:55  Overlord  
  51  3:56  Zergling x6  
  51  4:01  Zergling x4  
  56  4:09  Drone  
  57  4:10  Roach Warren  
  57  4:12  Zergling x2  
  57  4:13  Zergling x2  
  58  4:21  Zergling x6  
  61  4:25  Zergling x2  
  61  4:26  Zergling x4  
  61  4:30  Drone x2  
  66  4:36  Extractor x2  
  64  4:43  Zergling x12  
  70  4:48  Overlord  
  70  4:49  Zergling x8  
  74  4:55  Spine Crawler  
  74  4:58  Zergling x2  
  74  4:59  Overlord  
  74  5:05  Overlord  
  74  5:13  Roach  
  74  5:14  Roach x4  
  80  5:17  Roach  
  80  5:19  Zergling x2  
  75  5:26  Drone x2  
  73  5:29  Drone  

Tags
 
Add a new tag
Caveats
  • Supply blocks, unpowered buildings, or Contaminate may cause inaccurate times.
  • Supply counts are checked every 10 seconds.